 Dungeon Crawl Stone Soup version 0.26-a0-1012-gedcf9b2963 (webtiles) character file.

Game seed: 16323198301708643204

121 ANON1729 the Ruffian (level 5, -2/45 HPs)
             Began as a Hill Orc Transmuter on Dec 7, 2020.
             Was an Initiate of Cheibriados.
             Slain by an adder (4 damage)
             ... on level 3 of the Dungeon.
             The game lasted 00:03:25 (3239 turns).

ANON1729 the Ruffian (Hill Orc Transmuter)          Turns: 3239, Time: 00:03:25

Health: -2/45      AC:  2    Str: 14    XL:     5   Next: 5%
Magic:  7/8        EV: 12    Int: 15    God:    Cheibriados [......]
Gold:   107        SH:  0    Dex: 12    Spells: 7/8 levels left

rFire    . . .     SeeInvis .     - Unarmed
rCold    . . .     Faith    .   (no shield)
rNeg     . . .     Spirit   .   a - +0 robe
rPois    .         Reflect  .   (helmet currently unavailable)
rElec    .         Harm     .   (no cloak)
rCorr    .         Rampage  .   (no gloves)
Will     .....                  (boots currently unavailable)
Stlth    +.........             e - amulet of regeneration
HPRegen  0.55/turn              (no ring)
MPRegen  0.11/turn              (no ring)

@: lethally poisoned (-2 -> -3), appendages (expiring), very slow
A: horns 2, talons 2
a: End Transformation, Bend Time, Renounce Religion


You were on level 3 of the Dungeon.
You worshipped Cheibriados.
Cheibriados was noncommittal.
You had grown temporary horns.
You had grown temporary talons.
You visited 1 branch of the dungeon, and saw 3 of its levels.

You collected 107 gold pieces.

Inventory:

Armour
 a - a +0 robe (worn)
Jewellery
 e - an amulet of regeneration (around neck)
 i - an uncursed ring of ice
Scrolls
 g - 2 scrolls of identify {unknown}
 l - a scroll of remove curse {unknown}
 m - 2 scrolls of enchant weapon {unknown}
Potions
 b - a potion of degeneration {unknown}
 c - a potion of heal wounds {unknown}
 d - a potion of brilliance {unknown}
 f - a potion of mutation {unknown}
 h - a potion of flight {unknown}
 j - a potion of ambrosia {unknown}
 k - a potion of might {unknown}
 n - a potion of lignification {unknown}


   Skills:
 * Level 3.0 Fighting
 + Level 2.1 Dodging
 * Level 4.2 Unarmed Combat
 + Level 2.0 Spellcasting
 + Level 1.9 Transmutations
 * Level 0.7 Invocations


You had 7 spell levels left.
You knew the following spells:

 Your Spells              Type           Power        Failure   Level
a - Beastly Appendage     Tmut           #.....       10%         1

Your spell library contained the following spells:

 Spells                   Type           Power        Failure   Level
 Wereblood                Tmut           #.......     16%         2
 Spider Form              Tmut/Pois      #.........   41%         3
 Ice Form                 Ice/Tmut       #.......     82%         4
 Blade Hands              Tmut           #.........   95%         5


Dungeon Overview and Level Annotations

Branches:
Dungeon (3/15)

Altars:
Cheibriados


Innate Abilities, Weirdness & Mutations

You have a pair of horns on your head.
You have razor-sharp toenails.


Message History

You completely miss the adder. Your headbutt misses the adder.
The adder is almost dead.
Your transformation is almost over.
You feel sick. The adder bites you.
* * * LOW HITPOINT WARNING * * *
You are more poisoned.
The adder poisons you!
You closely miss the adder. Your kick misses the adder.
The adder is almost dead.
* * * LOW HITPOINT WARNING * * *
You feel sick. The adder completely misses you.
You hit the adder but do no damage. Your kick misses the adder.
The adder is almost dead.
* * * LOW HITPOINT WARNING * * *
You feel sick. The adder bites you but does no damage.
You closely miss the adder.
The adder is almost dead.
* * * LOW HITPOINT WARNING * * *
You feel sick. The adder bites you.
You die...

###...###
#####.$_.####
#..$........#
#...........###
#...........#<#
#..........##[#
#..........รท..#
#.............#
#.[.........@[#
#...........)S#
########.....#
#...... #....)##
#.....# #.....#
#######


You could see an adder.

Vanquished Creatures
  An orc wizard (D:3)
  3 adders (D:2)
  A white imp (D:2)
  A worm (D:3)
  3 dart slugs
  4 leopard geckos
  2 orcs (D:3)
  A ball python (D:1)
  2 giant cockroaches (D:2)
  6 goblins (D:2)
  2 hobgoblins (D:1)
  3 kobolds
  5 bats
  4 frilled lizards
  7 rats
45 creatures vanquished.

Notes
Turn   | Place    | Note
-------+----------+-------------------------------------------
     0 | D:1      | ANON1729 the Hill Orc Transmuter began the quest for the
                  | Orb.
     0 | D:1      | Reached XP level 1. HP: 16/16 MP: 3/3
   414 | D:1      | Reached XP level 2. HP: 23/23 MP: 4/4
  1524 | D:2      | Reached XP level 3. HP: 26/29 MP: 5/5
  2227 | D:2      | Reached skill level 4 in Unarmed Combat
  2227 | D:2      | Reached XP level 4. HP: 30/37 MP: 4/6
  2812 | D:3      | Found a snail-covered altar of Cheibriados.
  2839 | D:3      | Became a worshipper of Cheibriados the Contemplative
  3216 | D:3      | Reached XP level 5. HP: 31/45 MP: 6/8
  3239 | D:3      | HP: 2/45 [poisoned by an adder]
  3239 | D:3      | Slain by an adder

Illustrated notes

Levels and vault maps discovered:
D:1:      heliophobic_arrival_glass_houses, layout_basic, minivault_27
D:2:      layout_basic, nrook_mini_vaults
D:3:      layout_basic, lemuel_doored_altar, cheibriados_altar_1

Skill      XL: |  1  2  3  4 |
---------------+-------------+-----
Fighting       | 2 3 |  3.0
Unarmed Combat | 4 |  4.2
Dodging        | 2 |  2.1
Spellcasting   | 2 |  2.0
Transmutations | |  1.9
Invocations    | |  0.7

Action                   |  1- 3 |  4- 6 || total
-------------------------+-------+-------++-------
Melee: Unarmed           |   142 |    90 ||   232
       Kick              |     4 |     5 ||     9
       Headbutt          |     2 |     5 ||     7
 Cast: Beastly Appendage |     6 |     7 ||    13
Invok: Bend Time         |       |     1 ||     1
 Stab: Sleeping          |     2 |       ||     2
Armor: Robe              |    18 |    13 ||    31
Dodge: Dodged            |   102 |    41 ||   143

Table legend: (Time is in decaauts)
 A = Elapsed time spent in this place.
 B = Non-inter-level travel time spent in this place.
 C = Inter-level travel time spent in this place.
 D = Time resting spent in this place.
 E = Time spent auto-exploring this place.
 F = Levels seen in this place.
 G = Mean time per level.
                   A        B        C        D        E       F      G
               +--------+--------+--------+--------+--------+-----+--------+
         Total |   3237 |   3150 |     87 |    674 |   2007 |   3 | 1079.0 |
       Dungeon |   3237 |   3150 |     87 |    674 |   2007 |   3 | 1079.0 |
               +--------+--------+--------+--------+--------+-----+--------+

Top non-repeatable levels by time:
     D:2: 1702 daAuts
     D:1: 1389 daAuts
     D:3: 145 daAuts
